TOP OF THE 1ST |
Seattle Rainiers batting - Pitching for Saskatoon Smokin' Guns : RHP Allen Collins
|
Pitching: RHP Allen Collins
|
|
Batting: RHB Edward Melton
|
0-0: Swinging Strike 0-1: Ball 1-1: Called Strike 1-2: Ball 2-2: Reached on error, E6 (Groundball, 6)
|
Batting: LHB Tony Rivera
|
0-0: Ball 1-0: Ball 2-0: Called Strike 2-1: Fielders Choice at 2nd, 1-6 (Groundball, 23)
|
Batting: SHB Glenn Vadnais
|
0-0: Ball 1-0: Fly out, F5 (Popup, 5F)
|
Batting: LHB Brian Boone
|
0-0: Ball 1-0: Ball 2-0: Fly out, F8 (Flyball, 78M)
|
Top of the 1st over - 0 run(s), 0 hit(s), 1 error(s), 1 left on base; Seattle 0 - Saskatoon 0 |
BOTTOM OF THE 1ST |
Saskatoon Smokin' Guns batting - Pitching for Seattle Rainiers : RHP Lúcio Feliciano
|
Pitching: RHP Lúcio Feliciano
|
|
Batting: RHB Xavier López
|
0-0: Ball 1-0: Ball 2-0: SINGLE (Groundball, 4MD)
|
Batting: LHB Andrew Veeck
|
0-0: Ball 1-0: Ball 2-0: Ball 3-0: Called Strike 3-1: Fielders Choice at 2nd, 4-6 (Groundball, 34)
|
Batting: RHB Alvin Hampton
|
0-0: Called Strike 0-1: Foul Ball, location: 2F 0-2: Ball 1-2: Strikes out swinging
|
Batting: RHB Eric Neal
|
0-0: Ball Andrew Veeck steals 2nd base 1-0: Foul Ball, location: 2F 1-1: Ball 2-1: DOUBLE (Groundball, 5L) Andrew Veeck scores
|
Batting: LHB Russell Peck
|
0-0: Called Strike 0-1: Foul Ball, location: 2F 0-2: Foul Ball, location: 2F 0-2: Ball 1-2: Foul Ball, location: 2F 1-2: Fly out, F5 (Popup, 5SF)
|
Bottom of the 1st over - 1 run(s), 2 hit(s), 0 error(s), 1 left on base; Seattle 0 - Saskatoon 1 |
TOP OF THE 2ND |
Seattle Rainiers batting - Pitching for Saskatoon Smokin' Guns : RHP Allen Collins
|
Batting: RHB Bill Dawson
|
0-0: Ball 1-0: Reached on error, E5 (Groundball, 56)
|
Batting: RHB Robert Marks
|
0-0: Called Strike Pickoff Throw to First - Out! 0-1: Fly out, F9 (Flyball, 89M)
|
Batting: RHB Jorge Colón
|
0-0: SINGLE (Line Drive, 8LS)
|
Batting: RHB Doug Williams
|
0-0: Ball 1-0: Swinging Strike 1-1: Fly out, F9 (Popup, 34D)
|
Top of the 2nd over - 0 run(s), 1 hit(s), 1 error(s), 1 left on base; Seattle 0 - Saskatoon 1 |
BOTTOM OF THE 2ND |
Saskatoon Smokin' Guns batting - Pitching for Seattle Rainiers : RHP Lúcio Feliciano
|
Batting: LHB Raúl Casillán
|
0-0: Called Strike 0-1: Ground out U3 (Groundball, 3S)
|
Batting: RHB Chris Richards
|
0-0: Called Strike 0-1: Ball 1-1: Fly out, F8 (Flyball, 8LD)
|
Batting: RHB Gary Spencer
|
0-0: Foul Ball, location: 2F 0-1: Ball 1-1: Swinging Strike 1-2: Foul Ball, location: 2F 1-2: Foul Ball, location: 2F 1-2: Ground out 4-3 (Groundball, 4)
|
Bottom of the 2nd over - 0 run(s), 0 hit(s), 0 error(s), 0 left on base; Seattle 0 - Saskatoon 1 |
TOP OF THE 3RD |
Seattle Rainiers batting - Pitching for Saskatoon Smokin' Guns : RHP Allen Collins
|
Batting: LHB Alan Moore
|
0-0: SINGLE (Line Drive, 89M)
|
Batting: RHB Edward Melton
|
0-0: Ball 1-0: Swinging Strike 1-1: Called Strike 1-2: Foul Ball, location: 2F 1-2: Ground out 4-3 (Groundball, 4M) Alan Moore to second
|
Batting: LHB Tony Rivera
|
0-0: Ball 1-0: Ball 2-0: Ground out U3 (Groundball, 3L) Alan Moore to third
|
Batting: SHB Glenn Vadnais
|
0-0: Called Strike 0-1: Ball 1-1: Foul Ball, location: 2F 1-2: Ball 2-2: Ground out 4-3 (Groundball, 4MS)
|
Top of the 3rd over - 0 run(s), 1 hit(s), 0 error(s), 1 left on base; Seattle 0 - Saskatoon 1 |
BOTTOM OF THE 3RD |
Saskatoon Smokin' Guns batting - Pitching for Seattle Rainiers : RHP Lúcio Feliciano
|
Batting: LHB Bo Rush
|
0-0: Foul Ball, location: 2F 0-1: Ground out U3 (Groundball, 3L)
|
Batting: RHB Xavier López
|
0-0: Fly out, F9 (Flyball, 9LM)
|
Batting: LHB Andrew Veeck
|
0-0: Ball 1-0: Ball 2-0: Called Strike 2-1: Foul Ball, location: 2F 2-2: Ball 3-2: Fly out, F7 (Popup, 7S)
|
Bottom of the 3rd over - 0 run(s), 0 hit(s), 0 error(s), 0 left on base; Seattle 0 - Saskatoon 1 |
TOP OF THE 4TH |
Seattle Rainiers batting - Pitching for Saskatoon Smokin' Guns : RHP Allen Collins
|
Batting: LHB Brian Boone
|
0-0: Foul Ball, location: 2F 0-1: Ball 1-1: Foul Ball, location: 2F 1-2: Ball 2-2: Ball 3-2: Foul Ball, location: 2F 3-2: SINGLE (Line Drive, 56)
|
Batting: RHB Bill Dawson
|
0-0: Called Strike 0-1: Ball 1-1: Ball 2-1: Called Strike 2-2: Foul Ball, location: 2F 2-2: Fly out, F8 (Flyball, 8RM)
|
Batting: RHB Robert Marks
|
0-0: Called Strike 0-1: Swinging Strike 0-2: Fly out, F8 (Flyball, 8RS)
|
Batting: RHB Jorge Colón
|
0-0: Called Strike Brian Boone steals 2nd base 0-1: Called Strike 0-2: Ball 1-2: Strikes out swinging
|
Top of the 4th over - 0 run(s), 1 hit(s), 0 error(s), 1 left on base; Seattle 0 - Saskatoon 1 |
BOTTOM OF THE 4TH |
Saskatoon Smokin' Guns batting - Pitching for Seattle Rainiers : RHP Lúcio Feliciano
|
Batting: RHB Alvin Hampton
|
0-0: Ball 1-0: Swinging Strike 1-1: Swinging Strike 1-2: Ball 2-2: Ball 3-2: Base on Balls
|
Batting: RHB Eric Neal
|
0-0: Called Strike 0-1: Ball 1-1: Ball 2-1: Ball 3-1: SINGLE (Groundball, 5D) Alvin Hampton to second
|
Batting: LHB Russell Peck
|
0-0: Called Strike 0-1: SINGLE (Line Drive, 89M) Alvin Hampton to third Eric Neal to second Runner from 3rd tries for Home, SAFE, throw made home Eric Neal to third Russell Peck to second
|
Batting: LHB Raúl Casillán
|
0-0: Ball 1-0: Ball 2-0: Called Strike 2-1: Ball 3-1: Fly out, F2 (Popup, 2LF)
|
Batting: RHB Chris Richards
|
0-0: Foul Ball, location: 2F 0-1: Fly out, F7 (Flyball, 7D) Runner from 3rd tags up, SCORES, no throw Russell Peck to third
|
Batting: RHB Gary Spencer
|
0-0: Ball 1-0: Ball 2-0: Ground out 5-3 (Groundball, 5)
|
Bottom of the 4th over - 2 run(s), 2 hit(s), 0 error(s), 1 left on base; Seattle 0 - Saskatoon 3 |
TOP OF THE 5TH |
Seattle Rainiers batting - Pitching for Saskatoon Smokin' Guns : RHP Allen Collins
|
Batting: RHB Doug Williams
|
0-0: Ball 1-0: Foul Ball, location: 2F 1-1: Foul Ball, location: 2F 1-2: Ball 2-2: Ball 3-2: Strikes out swinging
|
Batting: LHB Alan Moore
|
0-0: Called Strike 0-1: Ground out U3 (Groundball, 3)
|
Batting: RHB Edward Melton
|
0-0: Ball 1-0: Swinging Strike 1-1: Swinging Strike 1-2: Strikes out looking
|
Top of the 5th over - 0 run(s), 0 hit(s), 0 error(s), 0 left on base; Seattle 0 - Saskatoon 3 |
BOTTOM OF THE 5TH |
Saskatoon Smokin' Guns batting - Pitching for Seattle Rainiers : RHP Lúcio Feliciano
|
Batting: LHB Bo Rush
|
0-0: Foul Ball, location: 2F 0-1: Swinging Strike 0-2: Foul Ball, location: 2F 0-2: Ball 1-2: Ground out 4-3 (Groundball, 4)
|
Batting: RHB Xavier López
|
0-0: SINGLE (Groundball, 56)
|
Batting: LHB Andrew Veeck
|
0-0: Swinging Strike 0-1: Ball 1-1: Ball 2-1: DOUBLE (Line Drive, 3D) Xavier López to third Runner from 3rd tries for Home, throw and OUT! Andrew Veeck to third
|
Batting: RHB Alvin Hampton
|
Error on foul ball, E3 0-1: Ball 1-1: Fly out, F7 (Flyball, 78D)
|
Bottom of the 5th over - 0 run(s), 2 hit(s), 1 error(s), 1 left on base; Seattle 0 - Saskatoon 3 |
TOP OF THE 6TH |
Seattle Rainiers batting - Pitching for Saskatoon Smokin' Guns : RHP Allen Collins
|
Batting: LHB Tony Rivera
|
0-0: Ball 1-0: Called Strike 1-1: Swinging Strike 1-2: Ball 2-2: Ball 3-2: Base on Balls
|
Batting: SHB Glenn Vadnais
|
0-0: Ball 1-0: Ball 2-0: Ball 3-0: SINGLE (Groundball, 34S) Tony Rivera to second Runner from 2nd tries for 3rd, SAFE, no throw or cutoff
|
Batting: LHB Brian Boone
|
0-0: Swinging Strike 0-1: Ball 1-1: Foul Ball, location: 2F 1-2: Ball 2-2: Ball 3-2: Base on Balls Glenn Vadnais to second
|
Batting: RHB Bill Dawson
|
0-0: Foul Ball, location: 2F 0-1: SINGLE (Groundball, 34) Tony Rivera scores Glenn Vadnais to third Brian Boone to second
|
Pitching: RHP Bernie Titus
|
|
Batting: RHB Robert Marks
|
0-0: Ball 1-0: Ball 2-0: Called Strike 2-1: Grounds into double play, 4-6-3 (Groundball, 4) Glenn Vadnais scores Brian Boone to third
|
Batting: RHB Jorge Colón
|
0-0: Called Strike 0-1: Foul Ball, location: 2F 0-2: Foul Ball, location: 2F 0-2: Ball 1-2: Ball 2-2: Strikes out swinging
|
Top of the 6th over - 2 run(s), 2 hit(s), 0 error(s), 1 left on base; Seattle 2 - Saskatoon 3 |
BOTTOM OF THE 6TH |
Saskatoon Smokin' Guns batting - Pitching for Seattle Rainiers : RHP Lúcio Feliciano
|
Batting: RHB Eric Neal
|
0-0: Foul Ball, location: 2F 0-1: Ground out 6-3 (Groundball, 6)
|
Batting: LHB Russell Peck
|
0-0: SINGLE (Line Drive, 78M)
|
Batting: LHB Raúl Casillán
|
0-0: Called Strike 0-1: Foul Ball, location: 2F 0-2: Fly out, F9 (Flyball, 9LS)
|
Batting: RHB Chris Richards
|
0-0: Called Strike 0-1: Ball 1-1: Ball 2-1: Ball 3-1: Base on Balls Russell Peck to second
|
Pitching: RHP Domingo García
|
|
Batting: RHB Gary Spencer
|
0-0: Swinging Strike 0-1: Foul Ball, location: 2F 0-2: Strikes out swinging
|
Bottom of the 6th over - 0 run(s), 1 hit(s), 0 error(s), 2 left on base; Seattle 2 - Saskatoon 3 |
TOP OF THE 7TH |
Seattle Rainiers batting - Pitching for Saskatoon Smokin' Guns : RHP Bernie Titus
|
Batting: RHB Doug Williams
|
0-0: Ball 1-0: Ball 2-0: Ground out 3-1 (Groundball, 34)
|
Pitching: LHP Dawson Sutton
|
|
Batting: LHB Alan Moore
|
0-0: Ball 1-0: SINGLE (Groundball, 25) (infield hit)
|
Batting: RHB Edward Melton
|
0-0: SINGLE (Line Drive, 7S) Alan Moore to second
|
Pitching: LHP Manuel Gil
|
|
Pinch Runner at 2nd Vicente Pagán:
|
|
Pinch Hitting: RHB Jorge Montoya
|
0-0: Ball 1-0: Called Strike 1-1: Called Strike 1-2: Ball 2-2: Ball 3-2: Strikes out swinging
|
Batting: SHB Glenn Vadnais
|
0-0: Foul Ball, location: 2F 0-1: Ball 1-1: Foul Ball, location: 2F 1-2: Foul Ball, location: 2F 1-2: Ground out 6-3 (Groundball, 6)
|
Top of the 7th over - 0 run(s), 2 hit(s), 0 error(s), 2 left on base; Seattle 2 - Saskatoon 3 |
BOTTOM OF THE 7TH |
Saskatoon Smokin' Guns batting - Pitching for Seattle Rainiers : RHP Domingo García
|
Now at 1B: Vicente Pagán
|
|
Now at 3B: Jorge Montoya
|
|
Batting: LHB Bo Rush
|
0-0: Called Strike 0-1: SINGLE (Groundball, 4MD)
|
Batting: RHB Xavier López
|
0-0: Called Strike 0-1: Sac Bunt - play at first, batter OUT! 1-4 Bo Rush to second
|
Batting: LHB Andrew Veeck
|
0-0: Intentional Walk
|
Batting: RHB Alvin Hampton
|
0-0: Ball 1-0: Ground out 5-3 (Groundball, 56S) Bo Rush to third Andrew Veeck to second
|
Batting: RHB Eric Neal
|
0-0: Foul Ball, location: 2F 0-1: Ball 1-1: Called Strike 1-2: Ball 2-2: Ball 3-2: Foul Ball, location: 2F 3-2: Base on Balls
|
Batting: LHB Russell Peck
|
0-0: Fly out, F8 (Line Drive, 8LD)
|
Bottom of the 7th over - 0 run(s), 1 hit(s), 0 error(s), 3 left on base; Seattle 2 - Saskatoon 3 |
TOP OF THE 8TH |
Seattle Rainiers batting - Pitching for Saskatoon Smokin' Guns : LHP Manuel Gil
|
Now in RF: César Rodríguez
|
|
Batting: LHB Brian Boone
|
0-0: Called Strike 0-1: Ball 1-1: Called Strike 1-2: Ball 2-2: Ball 3-2: Strikes out swinging
|
Pitching: RHP Lorenzo Montáñez
|
|
Batting: RHB Bill Dawson
|
0-0: Ball 1-0: Swinging Strike 1-1: Ball 2-1: Called Strike 2-2: Foul Ball, location: 2F 2-2: Foul Ball, location: 2F 2-2: Ball 3-2: Base on Balls
|
Batting: RHB Robert Marks
|
0-0: Ball 1-0: Grounds into double play, 5-4-3 (Groundball, 56)
|
Top of the 8th over - 0 run(s), 0 hit(s), 0 error(s), 0 left on base; Seattle 2 - Saskatoon 3 |
BOTTOM OF THE 8TH |
Saskatoon Smokin' Guns batting - Pitching for Seattle Rainiers : RHP Domingo García
|
Batting: LHB Raúl Casillán
|
0-0: Ball 1-0: Foul Ball, location: 2F 1-1: Ball 2-1: Ball 3-1: Swinging Strike 3-2: Strikes out swinging
|
Batting: RHB Chris Richards
|
0-0: Ball 1-0: SINGLE (Groundball, 5D)
|
Pinch Hitting: LHB Alejandro Rojas
|
0-0: Ball 1-0: Swinging Strike 1-1: Swinging Strike 1-2: Ball 2-2: Grounds out, U3 (Groundball, 3L)
|
Pinch Hitting: RHB Raúl Méndez
|
0-0: Intentional Walk
|
Pitching: RHP Steve Benson
|
|
Pinch Hitting: RHB Kenny Thompson
|
0-0: Ball 1-0: Foul Ball, location: 2F 1-1: Ground out U3 (Groundball, 3S)
|
Bottom of the 8th over - 0 run(s), 1 hit(s), 0 error(s), 2 left on base; Seattle 2 - Saskatoon 3 |
TOP OF THE 9TH |
Seattle Rainiers batting - Pitching for Saskatoon Smokin' Guns : RHP Lorenzo Montáñez
|
Pitching: LHP Macy Catron
|
|
Now at 1B: Mario Gómez
|
|
Now at 3B: Jason O'Toole
|
|
Now at SS: Raúl Méndez
|
|
Pinch Hitting: RHB Alejandro Ramos
|
0-0: Ball 1-0: Ball 2-0: Called Strike 2-1: Foul Ball, location: 2F 2-2: Foul Ball, location: 2F 2-2: Ball 3-2: Reached on error, E1 (Groundball, 13S)
|
Batting: RHB Doug Williams
|
0-0: Called Strike 0-1: Ball 1-1: Fly out, F9 (Flyball, 89M)
|
Pinch Hitting: SHB Nick Cox
|
0-0: Called Strike 0-1: Swinging Strike 0-2: Ball 1-2: Strikes out swinging
|
Batting: RHB Edward Melton
|
0-0: Ball 1-0: Ball Wild Pitch! Alejandro Ramos to second 2-0: Ground out 6-3 (Groundball, 6)
|
Top of the 9th over - 0 run(s), 0 hit(s), 1 error(s), 1 left on base; Seattle 2 - Saskatoon 3 |
|